 Dungeon Crawl Stone Soup version 0.30-a0-1059-g7dea3e163d (webtiles) character file.

Game seed: 3512229414485978970

532 CryoSword the Poker (level 7, -13/54 HPs)
             Began as a Formicid Fighter on Apr 12, 2023.
             Mangled by an ice beast (14 damage)
             ... on level 4 of the Dungeon.
             The game lasted 00:05:38 (3946 turns).

CryoSword the Poker (Formicid Fighter)              Turns: 3946, Time: 00:05:38

Health: -13/54     AC:  6    Str: 20    XL:     7   Next: 49%
Magic:  0/7        EV:  9    Int: 10    God:
Gold:   216        SH:  5    Dex: 13    Spells: 6/6 levels left

rFire   . . .      SeeInvis +    s - +2 spear (heavy)
rCold   . . .      Faith    .    c - +0 buckler
rNeg    . . .      Spirit   +    b - +0 scale mail
rPois   .          Reflect  .    (helmet unavailable)
rElec   .          Rampage  .    (no cloak)
rCorr   .                        (no gloves)
Will    .....                    (no boots) Stlth
                                 f - amulet of guardian spirit
HPRegen 0.29/turn                (no ring)
MPRegen 0.10/turn                (no ring)

@: no status effects
A: permanent stasis, dig shafts and tunnels, antennae 3, four strong arms
a: Dig, Shaft Self


You were on level 4 of the Dungeon.
You visited 1 branch of the dungeon, and saw 5 of its levels.

You collected 216 gold pieces.

Inventory:

Hand Weapons
 s - a +2 heavy spear (weapon)
   (You took it off a gnoll on level 3 of the Dungeon)
Missiles
 n - 36 stones (quivered)
 t - 2 silver boomerangs
Armour
 b - a +0 scale mail (worn)
 c - a +0 buckler (worn)
Jewellery
 f - an amulet of guardian spirit (around neck)
   (You found it on level 1 of the Dungeon)
 w - an amulet of magic regeneration
   (You found it on level 3 of the Dungeon)
Wands
 x - a wand of digging (6)
   (You found it on level 4 of the Dungeon)
Scrolls
 h - 3 scrolls of teleportation {@r4}
 j - 2 scrolls of fear {unknown}
 k - a scroll of magic mapping {unknown}
 l - a scroll of amnesia {unknown}
 m - a scroll of vulnerability {unknown}
 p - a scroll of noise {unknown}
 q - 2 scrolls of fog {unknown}
 u - a scroll of blinking {unknown}
 y - 2 scrolls of poison {unknown}
Potions
 a - a potion of flight {unknown}
 d - 2 potions of might
 e - 3 potions of brilliance
 g - a potion of haste {unknown}
 i - a potion of resistance {unknown}
 o - a potion of heal wounds {unknown}
 r - a potion of magic
 v - a potion of lignification {unknown}
 A - a potion of mutation {unknown}
 B - a potion of curing {unknown}


   Skills:
 + Level 4.2 Fighting
 * Level 6.9 Polearms
 - Level 3.2 Armour
 + Level 5.1 Shields


You had 6 spell levels left.
You didn't know any spells.
Your spell library contained the following spells:

 Spells                   Type           Power      Damage    Failure   Level
 Conjure Ball Lightning   Conj/Air       0%         3x3d6     100%        6
 Discord                  Hex            0%         N/A       100%        8
 Disjunction              Tloc           0%         N/A       100%        8


Dungeon Overview and Level Annotations

Branches:
Dungeon (5/15)
 Temple: D:4-7

Altars:
Elyvilon
Okawaru
Sif Muna
The Shining One

Annotations:
D:3 2 runed translucent doors, zx48k's ghost, amateur GnFi


Innate Abilities, Weirdness & Mutations

You cannot be hasted, slowed, berserked, paralysed or teleported.
You can dig through walls and to a lower floor.
You have a pair of large antennae on your head. (SInv)
Your four strong arms can wield two-handed weapons with a shield.


Message History

You now have 197 gold pieces (gained 8).
You now have 203 gold pieces (gained 6).
You sense a monster nearby.
You hear the slow hiss of a distant avalanche of sand.
A scorpion comes into view.
You closely miss the scorpion. The scorpion barely misses you.
The scorpion stings you but does no damage.
You hit the scorpion.
The scorpion stings you but does no damage.
You puncture the scorpion!
The scorpion stings you but does no damage.
The scorpion closely misses you.
You puncture the scorpion! The scorpion completely misses you.
You barely miss the scorpion. The scorpion closely misses you.
The scorpion barely misses you.
You closely miss the scorpion. The scorpion completely misses you.
You closely miss the scorpion. The scorpion closely misses you.
You hit the scorpion.
The scorpion stings you but does no damage.
The scorpion completely misses you.
You puncture the scorpion!
You kill the scorpion!
You have reached level 7!
B - a fizzy golden potion You hear the slow hiss of a very distant avalanche of sand.
An ufetubus comes into view.
Found 13 gold pieces.
You closely miss the ufetubus. You block the ufetubus's attack.
The ufetubus hits you but does no damage.
You block the ufetubus's attack.
The ufetubus hits you but does no damage.
You completely miss the ufetubus. The ufetubus barely misses you.
The ufetubus completely misses you.
The ufetubus hits you but does no damage. x2
You hit the ufetubus.
The ufetubus hits you but does no damage. x2
You block the ufetubus's attack.
The ufetubus hits you but does no damage.
You hit the ufetubus.
You kill the ufetubus!
You now have 216 gold pieces (gained 13).
Found a robe.
You hear the hiss of a very distant avalanche of sand.
You open the door.
Found a shimmering blue altar of Sif Muna.
You hear the hiss of a very distant avalanche of sand.
A howler monkey comes into view.
The howler monkey hoots and howls with incredible vigour!
You hear a shout!
You hear an angry growl.
A howler monkey is nearby!
Unknown command.
Found a stone staircase leading down.
Found a stone staircase leading up.
A gnoll comes into view. It is wielding a +0 spear.
You reach to attack!
You completely miss the howler monkey.
The gnoll shouts!
An ice beast comes into view.
You hit the howler monkey. The howler monkey hits you.
You hit the howler monkey. The howler monkey hits you.
A gnoll bouda comes into view. It is wielding a +0 club.
The howler monkey hits you.
The gnoll bouda shouts!
You hit the howler monkey.
You hear a shout!
The howler monkey barely misses you.
The gnoll bouda barks out a call to the hunt!
The gnoll picks up the pace!
A gnoll comes into view. It is wielding a +0 spear.
An orc comes into view. It is wielding a +0 hand axe.
The howler monkey closely misses you.
You puncture the howler monkey!
You kill the howler monkey!
The gnoll hits you but does no damage.
Your Fighting skill increases to level 4!
You block the gnoll's attack.
The gnoll bouda barks out a call to the hunt!
A black bear comes into view.
The black bear growls angrily.
You hear a shout!
The gnoll bouda gazes fiercely through you!
You feel your attacks grow feeble. You block the gnoll's attack.
The black bear bites you but does no damage.
The black bear claws you. x2
The ice beast attacks as you move away! The ice beast barely misses you.
The gnoll bouda gazes fiercely through you!
You feel as though you will be weak longer.
The ice beast attacks as you move away! You block the ice beast's attack.
There is a stone staircase leading up here.
The gnoll hits you from afar with a +0 spear.
The ice beast hits you. The ice beast freezes you! The black bear bites you.
* * * LOW HITPOINT WARNING * * *
The black bear claws you but does no damage. x2
You block the gnoll's attack.
You climb upwards.
There is a stone staircase leading down here.
You hit the ice beast but do no damage. The black bear bites you.
* * * LOW HITPOINT WARNING * * *
The black bear closely misses you. The black bear claws you.
* * * LOW HITPOINT WARNING * * *
The ice beast hits you.
* * * LOW HITPOINT WARNING * * *
The ice beast freezes you!
* * * LOW HITPOINT WARNING * * *
Okay, then.
Okay, then.
It was a potion of magic.
Magic courses through your body. The black bear bites you.
* * * LOW HITPOINT WARNING * * *
The black bear closely misses you.
The black bear claws you but does no damage.
The ice beast closely misses you.
It was a potion of invisibility.
You fade into invisibility!
The black bear bites you.
* * * LOW HITPOINT WARNING * * *
The black bear claws you.
* * * LOW HITPOINT WARNING * * *
The black bear closely misses you.
The ice beast hits you but does no damage.
Your attacks no longer feel as feeble.
Unknown command.
You flicker for a moment.
You puncture the black bear!
The black bear bites you but does no damage.
The black bear claws you but does no damage. x2
You hit the black bear. The black bear closely misses you.
You block the black bear's attack. The black bear claws you.
* * * LOW HITPOINT WARNING * * *
The black bear barely misses you. You block the black bear's attack.
The black bear claws you.
You hit the black bear.
The black bear bites you but does no damage.
You block the black bear's attack. The black bear claws you.
* * * LOW HITPOINT WARNING * * *
You barely miss the black bear. The ice beast closely misses you.
The black bear goes berserk!
You puncture the black bear!
You kill the black bear!
You flicker back into view.
The ice beast hits you.
* * * LOW HITPOINT WARNING * * *
The ice beast freezes you.
* * * LOW HITPOINT WARNING * * *
Your Shields skill increases to level 5!
You barely miss the ice beast. The ice beast closely misses you.
You hit the ice beast. You block the ice beast's attack.
You hit the ice beast. The ice beast hits you.
* * * LOW HITPOINT WARNING * * *
The ice beast freezes you!
You die...

######### # # #.##.##.#
# # ##.###.#.## ##### #
# ##.## ##.@Y######...#
#..# ###.......#### #
##.## ##...#### # #..#
#..## ## ##..# ###..#
##. ##..## ##....##
####.. # ##...#
##......# ##.....
####...## ##.......#
##...>.. .......#
###........#####.......


You could see an ice beast.

Vanquished Creatures
  A black bear (D:4)
  An ogre (D:4)
  A scorpion (D:5)
  2 howler monkeys
  2 iguanas (D:4)
  An orc wizard (D:3)
  3 gnolls (D:3)
  3 adders
  A white imp (D:4)
  An ufetubus (D:5)
  A worm (D:3)
  A dart slug (D:4)
  3 orcs (D:3)
  5 endoplasms
  6 giant cockroaches
  8 goblins
  7 hobgoblins
  3 jackals (D:4)
  9 kobolds
  3 quokkas
  7 ball pythons
  2 bats
  2 frilled lizards
  3 rats
76 creatures vanquished.

Notes
Turn   | Place    | Note
-------+----------+-------------------------------------------
     0 | D:1      | CryoSword the Formicid Fighter began the quest for the Orb.
     0 | D:1      | Reached XP level 1. HP: 18/18 MP: 1/1
   133 | D:1      | Reached XP level 2. HP: 24/24 MP: 2/2
   277 | D:1      | Reached skill level 3 in Polearms
   378 | D:1      | Found a faded altar of an unknown god.
   417 | D:1      | You fall into a shaft and drop 1 floor!
   688 | D:2      | Reached XP level 3. HP: 29/29 MP: 3/3
   775 | D:2      | Found a white marble altar of Elyvilon.
  1203 | D:3      | Found a runed translucent door.
  1203 | D:3      | Noticed zx48k's ghost (amateur GnFi)
  1319 | D:3      | Reached skill level 4 in Polearms
  1319 | D:3      | Reached XP level 4. HP: 25/35 MP: 4/4
  1357 | D:3      | Found a runed translucent door.
  1441 | D:3      | Reached XP level 5. HP: 13/41 MP: 5/5
  1649 | D:3      | Reached skill level 5 in Polearms
  2250 | D:4      | Reached XP level 6. HP: 37/47 MP: 4/6
  2479 | D:4      | Noticed an ogre
  2580 | D:4      | Reached skill level 6 in Polearms
  2900 | D:4      | Killed an ogre
  3058 | D:4      | Found an iron altar of Okawaru.
  3074 | D:4      | Found a glowing golden altar of the Shining One.
  3678 | D:5      | Entered Level 5 of the Dungeon
  3762 | D:5      | Reached XP level 7. HP: 53/53 MP: 7/7
  3828 | D:5      | Found a shimmering blue altar of Sif Muna.
  3943 | D:4      | HP: 1/54 [ice beast (2)]
  3944 | D:4      | Reached skill level 5 in Shields
  3946 | D:4      | Mangled by an ice beast

Illustrated notes

Levels and vault maps discovered:
D:1:      dpeg_arrival_short_road, layout_basic,
          shapermc_ecumenical_altar_hornbeckon
D:2:      layout_rooms, basic_altar
D:3:      layout_loops_corners, ebering_ghost_sewer_f
D:4:      layout_layer_cave, mainiacjoe_overflow_swirl
D:5:      layout_loops_cross, lemuel_blue_sif_altar, enter_ossuary_1

Skill      XL: |  1  2  3  4  5  6  7 |
---------------+----------------------+-----
Polearms       | 3 4 5 6 |  6.9
Fighting       | 4 |  4.2
Shields        | 5 |  5.1
Armour         | |  3.2

Action                     |  1- 3 |  4- 6 |  7- 9 || total
---------------------------+-------+-------+-------++-------
  Melee: Trident           |   103 |    13 |       ||   116
         Spear             |       |   100 |    18 ||   118
  Throw: Stone             |       |     2 |       ||     2
Ability: Dig               |       |     1 |       ||     1
    Use: Scroll            |       |     3 |       ||     3
         Potion            |       |       |     2 ||     2
 Armour: Scale mail        |    25 |    31 |    17 ||    73
  Dodge: Dodged            |    25 |    51 |    13 ||    89
  Block: Buckler           |    18 |    29 |    11 ||    58

Table legend: (Time is in decaauts)
 A = Elapsed time spent in this place.
 B = Non-inter-level travel time spent in this place.
 C = Inter-level travel time spent in this place.
 D = Time resting spent in this place.
 E = Time spent auto-exploring this place.
 F = Levels seen in this place.
 G = Mean time per level.
                   A        B        C        D        E       F      G
               +--------+--------+--------+--------+--------+-----+--------+
         Total |   4000 |   3716 |    284 |      5 |   2819 |   5 |  800.0 |
       Dungeon |   4000 |   3716 |    284 |      5 |   2819 |   5 |  800.0 |
               +--------+--------+--------+--------+--------+-----+--------+

Top non-repeatable levels by time:
     D:4: 1301 daAuts
     D:3: 1208 daAuts
     D:1: 658 daAuts
     D:2: 582 daAuts
     D:5: 250 daAuts
